 Dungeon Crawl Stone Soup version 0.30-a0-715-gdb4ae3ece1 (webtiles) character file.

Game seed: 16693659376282773193

6757 KarmaKiller the Covert (level 11, -2/80 HPs)
             Began as a Human Brigand on Jan 23, 2023.
             Was a Priest of Nemelex Xobeh.
             Slain by a wight
             ... wielding a +3 halberd
              (9 damage)
             ... on level 8 of the Dungeon.
             The game lasted 00:59:23 (8643 turns).

KarmaKiller the Covert (Human Brigand)              Turns: 8643, Time: 00:59:24

Health: -2/80      AC:  6    Str: 17    XL:     11   Next: 24%
Magic:  11/11      EV: 17    Int: 12    God:    Nemelex Xobeh [***...]
Gold:   515        SH:  9    Dex: 19    Spells: 10/10 levels left

rFire   + . .      SeeInvis .    a - +3 dagger (chaos)
rCold   + . .      Faith    .    (no shield)
rNeg    + . .      Spirit   .    t - +1 leather armour {rC+}
rPois   .          Reflect  +    (helmet restricted)
rElec   .          Harm     .    c - +0 cloak
rCorr   .          Rampage  .    (no gloves)
Will    .....      Clarity  +    n - +0 pair of boots
Stlth   ++++                     r - amulet of reflection
HPRegen 0.33/turn                E - ring of Mooskaet {rF+ rN+ Str+6}
MPRegen 0.12/turn                (no ring)

@: flying
A: horns 1, large bone plates 1, clarity, sturdy frame 1
a: Renounce Religion, Draw Escape, Draw Destruction, Draw Summoning, Triple Draw


You were on level 8 of the Dungeon.
You worshipped Nemelex Xobeh.
Nemelex Xobeh was most pleased with you.
You visited 1 branch of the dungeon, and saw 8 of its levels.

You collected 515 gold pieces.

Inventory:

Hand Weapons
 a - a +3 dagger of chaos (weapon)
 g - a +0 sling
Missiles
 d - 5 poisoned darts (quivered)
 e - 2 curare-tipped darts
 u - a boomerang
 v - 54 stones
Armour
 b - a +0 robe
 c - a +0 cloak (worn)
 j - a +0 ring mail
 n - a +0 pair of boots (worn)
 q - a +0 leather armour
 t - a +1 leather armour of cold resistance (worn)
Magical Staves
 i - a staff of death
 D - a staff of air
Jewellery
 o - an amulet of guardian spirit
 r - an amulet of reflection (around neck)
 s - an amulet of magic regeneration
 E - the ring of Mooskaet (left hand) {rF+ rN+ Str+6}
   (You took it off a gnoll on level 7 of the Dungeon)

   [ring of strength]

   Str:       It affects your strength (+6).
   rF:        It protects you from fire.
   rN:        It protects you from negative energy.
Scrolls
 m - a scroll of identify
 y - a scroll of brand weapon
 A - 2 scrolls of immolation
Potions
 f - a potion of magic
 h - 2 potions of flight
 k - a potion of brilliance
 l - a potion of mutation
 w - 2 potions of attraction
 B - a potion of degeneration
 C - a potion of cancellation


   Skills:
 + Level 5.5 Fighting
 + Level 7.9(8.2) Short Blades
 + Level 3.3(6.0) Long Blades
 + Level 6.4 Throwing
 + Level 4.1 Armour
 + Level 7.6 Dodging
 + Level 9.4 Stealth
 + Level 4.6 Shields
 + Level 2.2 Evocations


You had 10 spell levels left.
You didn't know any spells.
Your spell library contained the following spells:

 Spells                   Type           Power      Damage    Failure   Level
 Beastly Appendage        Tmut           0%         N/A       34%         1
 Freeze                   Ice            0%         1d3       34%         1
 Wereblood                Tmut           0%         N/A       45%         2
 Frozen Ramparts          Ice            0%         1d1       71%         3
 Hailstorm                Conj/Ice       0%         3d3       71%         3
 Inner Flame              Hex/Fire       0%         N/A       71%         3
 Ozocubu's Armour         Ice            0%         N/A       71%         3
 Spider Form              Tmut/Pois      0%         N/A       71%         3
 Flame Wave               Conj/Fire      0%         2d4       98%         4
 Sticky Flame             Conj/Fire      0%         2d3       98%         4
 Metabolic Englaciation   Hex/Ice        0%         N/A       100%        5
 Simulacrum               Ice/Necr       0%         N/A       100%        6


Dungeon Overview and Level Annotations

Branches:
Dungeon (8/15)             Temple (0/1) D:5
   Lair: D:8-11

Altars:
Fedhas
Nemelex Xobeh
Okawaru
Qazlal
Yredelemnul


Innate Abilities, Weirdness & Mutations

You have a pair of small horns on your head.
You are partially covered in large bone plates. (SH +4)
You possess an exceptional clarity of mind.
Your movements are slightly less encumbered by armour. (ER -2)


Message History

You headbutt the death yak.
The death yak is severely wounded.
The death yak is engulfed in blazing flames.
The death yak explodes!
The fiery explosion engulfs the death yak!
The death yak resists.
Flame seeps out of the death yak.
The death yak is almost dead.
The fiery explosion engulfs the death yak!
The death yak resists.
The death yak explodes!
The fiery explosion engulfs the death yak.
The death yak resists.
Flame seeps out of the death yak.
The death yak is almost dead.
The death yak is engulfed in blazing flames.
The death yak explodes!
The fiery explosion engulfs you! You resist.
* * * LOW HITPOINT WARNING * * *
You have reached level 11!
Throw: 6 darts (poison)
Press: ? - help, Q - select action, (/) - cycle Shift-Dir - straight line, f - wight
Aim: a wight, wielding a +0 scimitar, wearing a +0 robe and quivering atropa-tipped darts (66% to hit)
You throw a poisoned dart. The poisoned dart hits the wight.
A wight comes into view. It is wielding a +3 hand axe.
A wight comes into view. It is wielding a +3 halberd.
You feel very buoyant.
You fly up into the air.
The wight attacks as you move away! The wight closely misses you.
The wight completely misses you.
The wight throws an atropa-tipped dart.
You reflect the atropa-tipped dart off an invisible shield around you!
The atropa-tipped dart barely misses the wight.
The atropa-tipped dart hits the wight.
The wight is unaffected.
The wight attacks as you move away! You block the wight's attack.
The wight misses you. The wight completely misses you.
The wight attacks as you move away! The wight hits you with a +0 scimitar.
* * * LOW HITPOINT WARNING * * *
You barely miss the wight. The wight misses you. You block the wight's attack.
The wight hits you from afar with a +3 halberd!
You die...
Your body glows with a rainbow of weird colours and disappears.

##.####.####### #..#....#
#>##....# #.##....# #
######.##....# ## #
#.#####......)..###....!##
#...................# ....
#######.........#### ...
#..@......# #..
#..zz.....# .. #...z.....#
.# #.........#####.# .
#.........##.).)#YYY
#########z[.††...Y(.
#..###.####.. ##.###..# #
###....z.##


You could see 4 wights.

Vanquished Creatures
  5 death yaks (D:8)
  A wyvern (D:7)
  3 yaks (D:8)
  A redback (shapeshifter) (D:4)
  A steam dragon (D:8)
  A water moccasin (D:7)
  An ice beast (D:7)
  A black bear (D:4)
  A centaur (D:8)
  4 phantoms
  A kobold brigand (D:7)
  3 bullfrogs
  3 necrophages
  A wight (D:8)
  A howler monkey (D:6)
  3 jellies
  3 hounds
  2 gnoll boudas
  4 orc priests
  Jessica (D:2)
  2 iguanas
  4 orc wizards
  18 gnolls
  8 adders
  A white imp (D:7)
  2 ufetubi
  A worm (D:2)
  2 dart slugs
  16 orcs
  5 ball pythons
  3 endoplasms
  6 giant cockroaches
  10 goblins
  4 hobgoblins
  2 jackals (D:1)
  5 quokkas
  3 bats
  3 frilled lizards
  12 kobolds
  A rat (D:3)
149 creatures vanquished.

Vanquished Creatures (collateral kills)
  A black bear (D:5)
  A centaur (D:5)
  A phantom (D:5)
  A necrophage (D:6)
  An iguana (D:6)
  An adder (D:5)
  An ufetubus (D:6)
  A quokka (D:5)
8 creatures vanquished.

Vanquished Creatures (others)
  A scorpion (D:6)
1 creature vanquished.

Grand Total: 158 creatures vanquished

Notes
Turn   | Place    | Note
-------+----------+-------------------------------------------
     0 | D:1      | KarmaKiller the Human Brigand began the quest for the Orb.
     0 | D:1      | Reached XP level 1. HP: 16/16 MP: 1/1
   210 | D:1      | Reached XP level 2. HP: 22/22 MP: 2/2
  1302 | D:2      | Reached XP level 3. HP: 27/27 MP: 3/3
  1622 | D:2      | Found a faded altar of an unknown god.
  1702 | D:2      | Noticed Jessica
  1709 | D:2      | Killed Jessica
  1710 | D:2      | Reached skill level 1 in Armour
  1710 | D:2      | Reached XP level 4. HP: 15/33 MP: 4/4
  2123 | D:2      | Gained mutation: You possess an exceptional clarity of
                  | mind. [potion of mutation]
  2123 | D:2      | Gained mutation: You have a pair of small horns on your
                  | head. [potion of mutation]
  2123 | D:2      | Gained mutation: You are partially covered in large bone
                  | plates. (SH +4) [potion of mutation]
  2123 | D:2      | Gained mutation: Your movements are slightly less
                  | encumbered by armour. (ER -2) [potion of mutation]
  2134 | D:2      | Reached skill level 5 in Short Blades
  2134 | D:2      | Reached skill level 5 in Dodging
  2134 | D:2      | Reached skill level 7 in Stealth
  2134 | D:2      | Reached XP level 5. HP: 42/42 MP: 5/5
  2773 | D:3      | Reached XP level 6. HP: 47/48 MP: 6/6
  3374 | D:4      | Found a sparkling altar of Nemelex Xobeh.
  3383 | D:4      | Became a worshipper of Nemelex Xobeh the Trickster
  3581 | D:4      | a jelly changed into a glowing shapeshifter
  3581 | D:4      | Noticed a glowing shapeshifter (glowing shapeshifter)
  3581 | D:4      | a glowing shapeshifter changed into a deep troll
  3581 | D:4      | Noticed a deep troll (glowing shapeshifter)
  3585 | D:4      | a deep troll changed into a redback
  3585 | D:4      | Noticed a redback (glowing shapeshifter)
  3589 | D:4      | Killed a redback
  3590 | D:4      | Reached XP level 7. HP: 41/54 MP: 7/7
  4420 | D:4      | Reached * piety under Nemelex Xobeh
  4676 | D:5      | Entered Level 5 of the Dungeon
  4765 | D:5      | Reached skill level 8 in Stealth
  4787 | D:5      | Found a staircase to the Ecumenical Temple.
  5037 | D:5      | Received a gift from Nemelex Xobeh
  5048 | D:5      | Reached XP level 8. HP: 60/60 MP: 8/8
  5889 | D:6      | Reached skill level 1 in Shields
  6107 | D:6      | Reached ** piety under Nemelex Xobeh
  6179 | D:6      | Reached XP level 9. HP: 58/66 MP: 9/9
  6337 | D:6      | Found a stormy altar of Qazlal.
  6490 | D:6      | Noticed a two-headed ogre
  6929 | D:6      | Banished a two-headed ogre
  6930 | D:6      | Reached skill level 5 in Throwing
  7435 | D:7      | Found a basalt altar of Yredelemnul.
  7531 | D:7      | Reached skill level 5 in Fighting
  7614 | D:7      | Found an iron altar of Okawaru.
  7805 | D:7      | Reached skill level 1 in Evocations
  7805 | D:7      | Reached XP level 10. HP: 47/74 MP: 10/10
  7855 | D:7      | Found a blossoming altar of Fedhas.
  8163 | D:7      | Identified the ring of Mooskaet {rF+ rN+ Str+6}
  8235 | D:7      | Reached *** piety under Nemelex Xobeh
  8565 | D:8      | Noticed a death yak
  8572 | D:8      | Noticed a death yak
  8573 | D:8      | Noticed a death yak
  8573 | D:8      | Noticed a death yak
  8586 | D:8      | Noticed a death yak
  8606 | D:8      | Killed a death yak
  8607 | D:8      | Reached skill level 9 in Stealth
  8620 | D:8      | Killed a death yak
  8623 | D:8      | Killed a death yak
  8623 | D:8      | Killed a death yak
  8623 | D:8      | Killed a death yak
  8623 | D:8      | HP: 1/74 [spore (13)]
  8624 | D:8      | Reached XP level 11. HP: 1/80 MP: 11/11
  8643 | D:8      | Slain by a wight

Illustrated notes

Levels and vault maps discovered:
D:1:      dpeg_arrival_connections, layout_basic, hex_tiny
D:2:      layout_basic, basic_ecumenical_altar, uniq_jessica
D:3:      layout_basic, chequers_serial_rivers_micro_c
D:4:      layout_basic, nemelex_xobeh_ov_fountains_minmay
D:5:      layout_gridville, temple_pool_b, hangedman_abyss_or_decor_stagger,
          dreamdust_wishing_well, st_stairs_2
D:6:      layout_basic, kennysheep_mini_moat, solitary_fountain
D:7:      layout_cave_pods, lemuel_round_altar, kennysheep_little_box,
          fedhas_altar_decomposition, enter_bailey_2
D:8:      layout_rooms, dpeg_lair_monsters, biasface_ghost_orc_armoury,
          chequers_garden, nicolae_wwwww

Skill      XL: |  1  2  3  4  5  6  7  8  9 10 |
---------------+-------------------------------+-----
Armour         | 1 3 4 |  4.1
Fighting       | 4 5 |  5.5
Short Blades   | 5 6 7 |  7.9
Long Blades    | 3 |  3.3
Throwing       | 4 5 6 |  6.4
Dodging        | 5 6 7 |  7.6
Stealth        | 7 8 9 |  9.4
Shields        | 1 2 4 |  4.6
Evocations     | 1 2 |  2.2

Action                     |  1- 3 |  4- 6 |  7- 9 | 10-12 || total
---------------------------+-------+-------+-------+-------++-------
  Melee: Dagger            |    77 |    68 |   220 |   102 ||   467
         Headbutt          |       |     7 |    42 |    28 ||    77
         Punch             |       |       |     2 |     4 ||     6
  Throw: Dart              |    22 |     9 |    36 |     7 ||    74
         Boomerang         |       |       |     5 |       ||     5
 Invoke: Draw Summoning    |       |       |     3 |       ||     3
         Draw Destruction  |       |       |     7 |       ||     7
         Draw Escape       |       |       |     3 |       ||     3
  Evoke: Wand              |       |       |    10 |     2 ||    12
    Use: Potion            |     4 |     4 |     7 |     5 ||    20
         Scroll            |     4 |     6 |     5 |     4 ||    19
   Stab: Distracted        |     1 |       |       |       ||     1
         Sleeping          |       |    10 |     8 |     1 ||    19
         Confused          |       |       |     1 |     2 ||     3
         Petrifying        |       |       |     1 |     1 ||     2
         Paralysed         |       |       |     1 |       ||     1
 Armour: Ring mail         |    42 |    23 |    14 |       ||    79
         Leather armour    |     2 |       |    19 |     7 ||    28
  Dodge: Dodged            |    50 |    31 |   102 |    31 ||   214
  Block: Other             |       |     6 |    76 |    24 ||   106
         Reflection        |       |       |     1 |     3 ||     4

Table legend: (Time is in decaauts)
 A = Elapsed time spent in this place.
 B = Non-inter-level travel time spent in this place.
 C = Inter-level travel time spent in this place.
 D = Time resting spent in this place.
 E = Time spent auto-exploring this place.
 F = Levels seen in this place.
 G = Mean time per level.
                   A        B        C        D        E       F      G
               +--------+--------+--------+--------+--------+-----+--------+
         Total |   8505 |   8421 |     84 |    801 |      0 |   8 | 1063.1 |
       Dungeon |   8505 |   8421 |     84 |    801 |      0 |   8 | 1063.1 |
               +--------+--------+--------+--------+--------+-----+--------+

Top non-repeatable levels by time:
     D:4: 1473 daAuts
     D:6: 1427 daAuts
     D:1: 1267 daAuts
     D:3: 1109 daAuts
     D:5: 1101 daAuts
     D:7: 1037 daAuts
     D:2: 879 daAuts
     D:8: 208 daAuts
